 Dungeon Crawl Stone Soup version 0.15.0-11-g6f4f891 (webtiles) character file.

175467 Kold the Slicer (level 18, -5/102 HPs)
             Began as a Vine Stalker Berserker on Aug 30, 2014.
             Was a High Priest of Trog.
             Succumbed to a redback's poison
             ... on Level 1 of the Spider Nest on Aug 31, 2014.
             The game lasted 02:53:22 (30752 turns).

Kold the Slicer (Vine Stalker Berserker)           Turns: 30752, Time: 02:53:22

HP  -5/102       AC 35     Str 24      XL: 18   Next: 10%
MP   2/34        EV  3     Int 11      God: Trog [*****.]
Gold 3428        SH  0     Dex 20      Spells:  0 memorised, 17 levels left

rFire  + + +     SeeInvis .     (no weapon)
rCold  + . .     Clarity  .     u - +5 gold dragon armour
rNeg   . . .     rCorr    .     g - +2 buckler {rPois}
rPois  +         rRot     +     C - +1 helmet "Jikhuej" {Str+2 Int+2}
rElec  +         Spirit   +     a - +0 cloak of Zypyczorgh {rF+ Int+2}
SustAb .         Warding  .     (no gloves)
rMut   .         Stasis   .     O - +0 pair of boots
Gourm  .                        X - amulet of faith
MR     +++..                    Q - ring of Robustness {AC+8}
                                E - ring "Pluwiuc" {rElec rF+ MR+ Stlth+}

@: confused, lethally poisoned, exhausted, slowed, drained, invisible, very
slow, extremely resistant to hostile enchantments, extremely unstealthy
A: fangs 3, blurry vision 1, regeneration 3, electricity resistance, spit poison
1, magic shield, antimagic bite, no device heal 3, rot immunity
a: Spit Poison, Burn Spellbooks, Berserk, Trog's Hand, Brothers in Arms,
Renounce Religion


You were on level 1 of the Spider Nest.
You worshipped Trog.
Trog was extremely pleased with you.
You were very hungry.

You visited 5 branches of the dungeon, and saw 29 of its levels.
You also visited: Sewer, Bailey and Volcano.

You collected 3769 gold pieces.
You spent 341 gold pieces at shops.

Inventory:

Hand weapons
 K - the +8 cutlass of War {drain, MR++ Str-2}
   (Trog gifted it to you on level 3 of the Lair of Beasts)

   A truly terrible weapon, it drains the life of those it strikes.
   It affects your strength (-2).
   It affects your resistance to hostile enchantments.
 U - a +1 scimitar of flaming
Missiles
 W - 42 tomahawks of returning (quivered)
Armour
 a - the +0 cloak of Zypyczorgh (worn) {rF+ Int+2}
   (You acquired it on level 1 of the Lair of Beasts)

   It affects your intelligence (+2).
   It protects you from fire.
 c - a +2 robe of cold resistance
 g - a +2 buckler of poison resistance (worn)
 u - a +5 gold dragon armour (worn)
 C - the +1 helmet "Jikhuej" (worn) {Str+2 Int+2}
   (You bought it in a shop on level 4 of the Orcish Mines)

   It affects your strength (+2).
   It affects your intelligence (+2).
 O - a +0 pair of boots (worn)
Magical devices
 q - a wand of slowing (7)
 D - a wand of lightning (10)
 J - a wand of disintegration (5)
 L - a wand of fire (5)
 N - a wand of cold (5)
 S - a wand of teleportation (4)
Comestibles
 o - 5 meat rations
Scrolls
 h - 11 scrolls of remove curse
 j - 8 scrolls of identify
 k - 4 scrolls of magic mapping
 m - 10 scrolls of recharging
 v - 3 scrolls of blinking
 B - 9 scrolls of teleportation
 I - 4 scrolls of fear
Jewellery
 p - an uncursed ring of protection from cold
 x - the ring "Cyhiac" {Slay+3 SInv}
   (You took it off a deep elf sorcerer on level 3 of the Elven Halls)

   [ring of see invisible]

   It affects your accuracy and damage with ranged weapons and melee attacks
   (+3).
   It enhances your eyesight.
 A - an uncursed ring of poison resistance
 E - the ring "Pluwiuc" (left hand) {rElec rF+ MR+ Stlth+}
   (You found it on level 8 of the Dungeon)

   [ring of protection from fire]

   It protects you from fire.
   It insulates you from electricity.
   It affects your resistance to hostile enchantments.
   It makes you more stealthy.
 Q - the ring of Robustness (right hand) {AC+8}
   (You found it on level 5 of the Lair of Beasts)

   [ring of protection]

   It affects your AC (+8).
 T - an uncursed amulet of warding
 X - an amulet of faith (around neck)
 Z - an uncursed amulet of resist corrosion
Potions
 e - 5 potions of haste
 l - a potion of invisibility
 n - 9 potions of magic
 z - 15 potions of curing
 P - 2 potions of flight
 V - 2 potions of resistance
Miscellaneous
 b - a fan of gales
 F - a lamp of fire


   Skills:
 - Level 14.0(13.6) Fighting
 - Level 14.0(13.5) Short Blades
 - Level 10.0(9.6) Armour
 - Level 8.0(7.6) Dodging
 - Level 14.0(13.5) Stealth
 - Level 5.1(4.7) Shields
 + Level 13.0(12.6) Evocations


You had 17 spell levels left.
You didn't know any spells.

Dungeon Overview and Level Annotations

Branches:
Dungeon (13/15)            Temple (0/1) D:4             Orc (4/4) D:9
    Elf (3/3) Orc:4          Lair (8/8) D:8           Swamp (0/5) Lair:5
 Spider (1/5) Lair:4        Slime (0/6) Lair:8       Vaults (0/5) D:13

Altars:
Cheibriados
Elyvilon
Fedhas
Kikubaaqudgha
Nemelex Xobeh
Okawaru
Qazlal
Trog
Vehumet
Xom
Yredelemnul
The Shining One
Jiyva

Shops:
D:9 !   Orc:1 %   Orc:4 ?=?[


Innate Abilities, Weirdness & Mutations

You have razor-sharp teeth.
You regenerate.
When hurt, damage is shared between your health and your magic reserves.
Your bite disrupts and absorbs the magic of your enemies.
Potions and wands cannot restore your health.
You are immune to rotting.
Your vision is a little blurry.
You are resistant to electric shocks.
You can spit poison.


Message History

The tarantella bites you but does no damage.
The redback bites you but does no damage.
The redback bites you.
* * * LOW HITPOINT WARNING * * *
You hear a blaring wail to the southeast.
The tarantella bites you but does no damage.
The redback bites you but does no damage.
The redback bites you.
* * * LOW HITPOINT WARNING * * *
The tarantella bites you but does no damage.
The spider bites you but does no damage.
The redback bites you but does no damage.
The redback bites you.
You are more poisoned.
The redback poisons you! The wolf spider barely misses you.
The wolf spider bites you but does no damage.
You hear an angry hiss. x12
Drink which item? (? for menu, Esc to quit)
You fade into invisibility!
You die...

≈ # ...≈#(...
..:........
............>
...s...........
............#..
.......s.#.....
.......sssss.....
.......#@ss......
.......sss.......
.........s........
.......%<......#..
.......%.........
................
..#.............
.............#.
...$.........


You could see 2 wolf spiders, an orb spider, 3 tarantellas, 3 redbacks, 3
spiders and a scorpion.

Vanquished Creatures
  2 deep elf blademasters (Elf:3)
  The ghost of Kejsarherre the Shatterer, a powerful OgHu of Okawaru (Orc:4)
  Wiglaf (Elf:2)
  Gastronok (D:9)
  2 deep elf sorcerers (Elf:3)
  An orc warlord (Orc:4)
  5 deep elf demonologists
  A large abomination (Elf:3)
  7 deep elf annihilators
  2 deep elf death magi (Elf:3)
  2 vault guards (D:13)
  Josephine (D:12)
  The ghost of hurdos the Grappler, a powerful TrMo of Cheibriados (Orc:2)
  Fannar (D:11)
  5 deep elf high priests (Elf:3)
  3 hydras
  A ghost crab (shapeshifter) (Elf:3)
  Harold (Lair:1)
  Nessos (D:11)
  Erica (Lair:7)
  10 death yaks
  A spriggan (Lair:5)
  5 orc high priests
  Nergalle (D:11)
  Erolcha (D:12)
  13 deep elf knights
  2 hill giants
  13 deep elf summoners
  2 necromancers (D:13)
  Pikel (D:5)
  The ghost of mathias the Chopper, an experienced HOGl of Beogh (D:5)
  7 deep elf conjurers
  3 griffons
  2 wizards (D:13)
  An oklob plant (D:7)
  A wolf spider (Spider:1)
  4 orc knights (Orc:4)
  5 orc sorcerers
  A manticore (D:11)
  3 ugly things (D:13)
  A cyclops (D:13)
  A mermaid (shapeshifter) (D:13)
  2 black mambas
  Maurice (D:8)
  13 elephants
  A gargoyle (D:11)
  Psyche (D:9)
  18 spiny frogs
  A yaktaur (D:13)
  2 fire drakes
  A jumping spider (Elf:1)
  A feature mimic (Lair:5)
  9 deep elf priests
  2 demonic crawlers (Elf:3)
  3 komodo dragons
  3 giant leeches
  5 trolls
  4 polar bears
  Prince Ribbit (Lair:2)
  23 blink frogs
  A minotaur skeleton (Volcano)
  2 flying skulls (Volcano)
  A slime creature (D:13)
  2 vampires (Volcano)
  A two-headed ogre (D:9)
  A shadow (D:13)
  44 yaks
  A basilisk (Lair:7)
  A tarantella (shapeshifter) (Elf:2)
  4 trapdoor spiders (Lair:4)
  30 deep elf magi
  5 redbacks
  A wyvern (D:9)
  A centaur simulacrum (D:12)
  4 steam dragons
  9 vampire mosquitoes (Lair:8)
  23 deep elf fighters
  19 humans (D:13)
  6 hippogriffs
  2 soldier ants
  13 wolves
  A swamp worm (Lair:5)
  16 porcupines
  4 wargs
  5 ice beasts
  26 water moccasins
  2 sky beasts
  25 orc warriors
  3 black bears
  A black bear (shapeshifter) (Elf:2)
  11 ogres
  3 phantoms
  9 centaurs
  2 manticore skeletons (Volcano)
  A brain worm (D:10)
  2 yellow wasps
  6 crocodiles
  A cyclops zombie (D:12)
  29 giant frogs
  A wyvern zombie (D:7)
  7 big kobolds
  An eye of draining (D:13)
  A water moccasin zombie (D:5)
  4 scorpions
  A spriggan skeleton (Volcano)
  2 electric eels (Lair:8)
  A troll skeleton (Volcano)
  2 yak skeletons (Orc:4)
  2 hippogriff skeletons
  12 killer bees
  3 goliath beetles
  2 crimson imps
  22 orc priests
  8 hounds
  4 jellies
  A centaur skeleton (Volcano)
  A two-headed ogre skeleton (Volcano)
  A quasit (D:10)
  10 iguanas
  29 orc wizards
  7 orange rats
  2 sky beast zombies (D:12)
  18 worker ants
  Ijyb (D:6)
  17 sheep
  A naga skeleton (Volcano)
  Terence (D:3)
  2 mummies
  A hound skeleton (D:10)
  A worker ant zombie (D:6)
  23 gnolls
  19 adders
  73 green rats
  3 shadow imps
  4 worms
  4 giant mites
  2 orc skeletons
  6 giant geckos
  192 orcs
  4 giant cockroaches
  61 hobgoblins
  11 quokkas
  6 ball pythons
  10 bats
  2 giant newts
  A giant spore (D:6)
  40 goblins
  A goblin zombie (D:5)
  19 jackals
  48 kobolds
  5 orc zombies (Orc:4)
  18 rats
  8 rat skeletons (Orc:4)
  A rat zombie (D:7)
  12 ballistomycetes (D:6)
  2 crawling corpses (Orc:4)
  2 fungi (Lair:8)
  A plant (Lair:8)
1272 creatures vanquished.

Vanquished Creatures (collateral kills)
  A deep elf master archer (Elf:3)
  5 deep elf sorcerers (Elf:3)
  A deep elf annihilator (Elf:3)
  4 deep elf death magi (Elf:3)
  3 deep elf high priests (Elf:3)
  2 hydras
  2 death yaks (Lair:2)
  A sixfirhy (Elf:3)
  A giant leech (Lair:8)
  A deep elf mage (Elf:3)
  2 yaks (Lair:6)
  A deep elf fighter (Elf:3)
  2 wolves (Lair:5)
  A giant frog (Lair:2)
  2 crawling corpses (Elf:3)
29 creatures vanquished.

Vanquished Creatures (others)
  A deep troll (Elf:3)
  2 hill giants (Elf:3)
  An air elemental (Elf:3)
  2 trolls
  3 two-headed ogres (Elf:3)
  An ogre (Elf:3)
  5 lost souls (Elf:3)
  2 orange rats (Elf:2)
  2 orcs
  A goblin (D:5)
  A hobgoblin (Orc:4)
  2 rat skeletons (Orc:4)
  2 plants
25 creatures vanquished.

Grand Total: 1326 creatures vanquished

Notes
Turn   | Place    | Note
--------------------------------------------------------------
     0 | D:1      | Kold, the Vine Stalker Berserker, began the quest for the Orb.
     0 | D:1      | Reached XP level 1. HP: 11/11 MP: 1/1
    53 | D:1      | Reached skill level 1 in Stealth
    57 | D:1      | Reached XP level 2. HP: 15/16 MP: 3/3
   250 | D:1      | Reached skill level 3 in Short Blades
   667 | D:2      | Reached XP level 3. HP: 13/19 MP: 4/4
   864 | D:2      | Acquired Trog's second power
  1047 | D:2      | Reached XP level 4. HP: 23/23 MP: 3/5
  1402 | D:2      | Found a sparkling altar of Nemelex Xobeh.
  1637 | D:3      | Reached skill level 4 in Short Blades
  1677 | D:3      | Reached XP level 5. HP: 27/27 MP: 7/7
  1865 | D:3      | Found a glowing drain.
  1871 | D:3      | Noticed a giant frog
  1879 | D:3      | Noticed Terence
  1885 | D:3      | Killed a giant frog
  1887 | D:3      | Killed Terence
  1887 | D:3      | Reached skill level 5 in Short Blades
  1887 | D:3      | Gained mutation: You heal very quickly. [vine stalker growth]
  1887 | D:3      | Reached XP level 6. HP: 30/32 MP: 8/8
  1920 | Sewer    | Entered a sewer
  2024 | Sewer    | Found a white marble altar of Elyvilon.
  2161 | D:3      | Acquired Trog's third power
  2355 | D:3      | Reached skill level 6 in Short Blades
  2642 | D:4      | Found a staircase to the Ecumenical Temple.
  2717 | D:4      | Reached XP level 7. HP: 35/35 MP: 9/9
  3035 | D:4      | Reached skill level 7 in Short Blades
  3682 | D:4      | Received a gift from Trog
  3747 | D:4      | Gained mutation: You have razor-sharp teeth. [vine stalker growth]
  3747 | D:4      | Reached XP level 8. HP: 34/39 MP: 11/11
  3803 | D:4      | Reached skill level 8 in Short Blades
  4026 | D:5      | Entered Level 5 of the Dungeon
  4157 | D:5      | Found a bloodstained altar of Trog.
  4157 | D:5      | Found an ancient bone altar of Kikubaaqudgha.
  4197 | D:5      | Noticed Pikel
  4203 | D:5      | Noticed mathias' ghost (experienced HOGl)
  4204 | D:5      | Killed Pikel
  4204 | D:5      | Reached skill level 9 in Short Blades
  4213 | D:5      | Killed mathias' ghost
  4213 | D:5      | Reached skill level 10 in Short Blades
  4213 | D:5      | Reached XP level 9. HP: 43/43 MP: 12/12
  4440 | D:5      | Found a white marble altar of Elyvilon.
  4539 | D:5      | Found a stormy altar of Qazlal.
  4836 | D:6      | Reached skill level 11 in Short Blades
  5002 | D:6      | Noticed Ijyb
  5012 | D:6      | Killed Ijyb
  5050 | D:6      | Received a gift from Trog
  5212 | D:6      | Found a glowing golden altar of the Shining One.
  5475 | D:6      | Found a snail-covered altar of Cheibriados.
  6085 | D:7      | Found an iron altar of Okawaru.
  6093 | D:7      | Got a dazzling scale mail
  6106 | D:7      | Identified the +5 scale mail of Objectivity {Int+3 Slay-1} (You found it on level 7 of the Dungeon)
  6113 | D:7      | Reached skill level 12 in Short Blades
  6136 | D:7      | Noticed an oklob plant
  6449 | D:7      | Reached XP level 10. HP: 47/47 MP: 13/13
  6632 | D:7      | Found a blossoming altar of Fedhas.
  6699 | D:8      | Found a staircase to the Lair.
  6728 | D:8      | Noticed Maurice
  6747 | D:8      | Killed Maurice
  6951 | D:8      | Got a warped lead ring
  6953 | D:8      | Identified the ring "Pluwiuc" {rElec rF+ MR+ Stlth+} (You found it on level 8 of the Dungeon)
  7225 | Lair:1   | Entered Level 1 of the Lair of Beasts
  7228 | Lair:1   | Reached skill level 13 in Short Blades
  7348 | Lair:1   | Noticed Harold
  7364 | Lair:1   | Killed Harold
  7912 | Lair:2   | Reached skill level 14 in Short Blades
  7912 | Lair:2   | Reached XP level 11. HP: 52/52 MP: 15/15
  8074 | Lair:2   | Noticed Prince Ribbit
  8082 | Lair:2   | Killed Prince Ribbit
  8760 | Lair:2   | Noticed a death yak
  8769 | Lair:2   | Noticed a death yak
  8769 | Lair:2   | Noticed a death yak
  8771 | Lair:2   | Noticed a death yak
  8771 | Lair:2   | Noticed a death yak
  8781 | Lair:2   | Killed a death yak
  8784 | Lair:2   | Killed a death yak
  8786 | Lair:2   | Killed a death yak
  8786 | Lair:2   | Reached skill level 5 in Fighting
  8788 | Lair:2   | Killed a death yak
  8792 | Lair:2   | Killed a death yak
  8796 | Lair:2   | Noticed an eight-headed hydra
  8799 | Lair:2   | Killed an eight-headed hydra
  9343 | D:7      | Killed an oklob plant
  9498 | Lair:3   | Reached skill level 5 in Dodging
  9512 | Lair:3   | Reached skill level 5 in Armour
  9521 | Lair:3   | Gained mutation: You regenerate. [vine stalker growth]
  9521 | Lair:3   | Reached XP level 12. HP: 46/61 MP: 16/16
  9795 | Lair:3   | Received a gift from Trog
  9796 | Lair:3   | Got a twisted cutlass {god gift}
  9811 | Lair:3   | Identified the +8 cutlass of War {drain, MR++ Str-2} (Trog gifted it to you on level 3 of the Lair of Beasts)
 10695 | Lair:4   | Reached skill level 5 in Stealth
 11101 | Lair:4   | Found a hole to the Spider Nest.
 11329 | Lair:4   | Received a gift from Trog
 11589 | Lair:5   | Found a staircase to the Swamp.
 11951 | Lair:5   | Got a jewelled scale mail
 11966 | Lair:5   | Identified the cursed -4 scale mail of Buonais {Str+4} (You found it on level 5 of the Lair of Beasts)
 11981 | Lair:5   | Noticed a death yak
 12014 | Lair:5   | Killed a death yak
 12032 | Lair:5   | Noticed a death yak
 12052 | Lair:5   | Killed a death yak
 12324 | Lair:5   | Noticed a four-headed hydra
 12336 | Lair:5   | Killed a five-headed hydra
 12336 | Lair:5   | Reached XP level 13. HP: 58/70 MP: 15/17
 12531 | Lair:5   | Received a gift from Trog
 12722 | Lair:6   | Reached skill level 10 in Stealth
 12809 | Lair:6   | Found a dark tunnel.
 12826 | Volcano  | Entered a volcano
 12991 | Volcano  | HP: 2/108 [guardian mummy (5)]
 13404 | Lair:6   | Found a basalt altar of Yredelemnul.
 13570 | Lair:6   | Reached skill level 10 in Fighting
 14230 | Lair:7   | Received a gift from Trog
 14240 | Lair:7   | Noticed Erica
 14274 | Lair:7   | Killed Erica
 14331 | Lair:7   | Reached XP level 14. HP: 65/79 MP: 14/18
 14591 | Lair:7   | Received a gift from Trog
 15229 | Lair:8   | Entered Level 8 of the Lair of Beasts
 15229 | Lair:8   | Found a viscous altar of Jiyva.
 15229 | Lair:8   | Found a staircase to the Slime Pits.
 15709 | Lair:1   | Identified a scroll of acquirement
 15710 | Lair:1   | Got a pitted cloak
 15722 | Lair:1   | Identified the +0 cloak of Zypyczorgh {rF+ Int+2} (You acquired it on level 1 of the Lair of Beasts)
 15957 | Lair:8   | Reached skill level 1 in Evocations
 16010 | Lair:8   | Received a gift from Trog
 17009 | D:9      | Found an iron altar of Okawaru.
 17075 | D:9      | Noticed Gastronok
 17092 | D:9      | Killed Gastronok
 17168 | D:9      | Found a shimmering altar of Xom.
 17168 | D:9      | Found a white marble altar of Elyvilon.
 17195 | D:9      | Found Ohuekas' Distillery.
 17198 | D:9      | Bought a potion of poison for 16 gold pieces
 17198 | D:9      | Bought a potion of mutation for 40 gold pieces
 17199 | D:9      | Gained mutation: Your vision is a little blurry. [potion of mutation]
 17199 | D:9      | Gained mutation: You are resistant to electric shocks. [potion of mutation]
 17199 | D:9      | Gained mutation: You can spit poison. [potion of mutation]
 17293 | D:9      | Found a radiant altar of Vehumet.
 17346 | D:9      | Found a staircase to the Orcish Mines.
 17648 | D:9      | Noticed Psyche
 17656 | D:9      | Killed Psyche
 18116 | D:10     | Entered Level 10 of the Dungeon
 18138 | D:10     | Received a gift from Trog
 19208 | D:11     | Found a flagged portal.
 19261 | D:11     | Reached skill level 5 in Shields
 19281 | Bailey   | Entered a bailey
 19327 | Bailey   | Received a gift from Trog
 19770 | D:11     | Noticed Fannar
 19787 | D:11     | Killed Fannar
 19787 | D:11     | Reached XP level 15. HP: 85/85 MP: 24/24
 19945 | Lair:1   | Reached XP level 16. HP: 89/91 MP: 25/25
 20101 | D:11     | Noticed Nergalle
 20123 | D:11     | Killed Nergalle
 20226 | D:11     | Received a gift from Trog
 20307 | D:11     | Noticed Nessos
 20311 | D:11     | Killed Nessos
 20653 | D:12     | Noticed Erolcha
 20663 | D:12     | Killed Erolcha
 20852 | D:12     | Found a bloodstained altar of Trog.
 20981 | D:12     | Noticed Josephine
 20995 | D:12     | Killed Josephine
 21833 | D:13     | Received a gift from Trog
 22077 | D:13     | Found a gate to the Vaults.
 22314 | Orc:1    | Entered Level 1 of the Orcish Mines
 22501 | Orc:1    | Received a gift from Trog
 22619 | Orc:1    | Found Ytotajuo's Food Shop.
 22810 | Orc:2    | Received a gift from Trog
 23061 | Orc:2    | Noticed hurdos' ghost (powerful TrMo)
 23086 | Orc:2    | Killed hurdos' ghost
 23426 | Orc:3    | Upgraded the game from 0.15.0-8-gb109cf8 to 0.15.0-11-g6f4f891
 23469 | Orc:3    | Found a radiant altar of Vehumet.
 23771 | Orc:3    | Received a gift from Trog
 24116 | Orc:4    | Entered Level 4 of the Orcish Mines
 24154 | Orc:4    | Found a staircase to the Elven Halls.
 24656 | Orc:4    | Noticed Kejsarherre's ghost (powerful OgHu)
 24705 | Orc:4    | Killed Kejsarherre's ghost
 24844 | Orc:4    | Received a gift from Trog
 25307 | Orc:4    | Received a gift from Trog
 25349 | Orc:4    | Reached skill level 5 in Evocations
 25407 | Orc:4    | Found Ovvem's Antique Armour Emporium.
 25414 | Orc:4    | Found Okuigr Cryuc's Magic Scroll Boutique.
 25426 | Orc:4    | Found Miga's Magic Scroll Emporium.
 25463 | Orc:4    | Found Ehior's Jewellery Boutique.
 25477 | Orc:4    | Bought a pitted helmet for 285 gold pieces
 25489 | Orc:4    | Identified the +1 helmet "Jikhuej" {Str+2 Int+2} (You bought it in a shop on level 4 of the Orcish Mines)
 25784 | Elf:1    | Entered Level 1 of the Elven Halls
 26337 | Elf:1    | Received a gift from Trog
 26633 | Elf:2    | Reached XP level 17. HP: 97/97 MP: 29/29
 27068 | Elf:2    | Received a gift from Trog
 27104 | Elf:2    | Noticed Wiglaf
 27131 | Elf:2    | Killed Wiglaf
 27420 | Elf:3    | Entered Level 3 of the Elven Halls
 27840 | Elf:3    | Received a gift from Trog
 27949 | Elf:3    | Reached skill level 10 in Armour
 27950 | Elf:3    | Got a dazzling buckler
 27951 | Elf:3    | Identified the +0 buckler of the Orcish Mines {Str+4 Int-4} (You found it on level 3 of the Elven Halls)
 28609 | Elf:3    | Reached skill level 10 in Evocations
 28660 | Elf:3    | Noticed a deep elf master archer
 28665 | Elf:3    | Killed a deep elf master archer
 28702 | Elf:3    | Noticed a deep elf blademaster
 29117 | Elf:3    | Killed a deep elf blademaster
 29252 | Elf:3    | Got a crude brass ring
 29272 | Elf:3    | Noticed a deep elf blademaster
 29434 | Elf:3    | Received a gift from Trog
 29600 | Elf:3    | Killed a deep elf blademaster
 29975 | Elf:3    | Reached XP level 18. HP: 94/102 MP: 33/33
 29991 | Elf:3    | Identified the ring "Cyhiac" {Slay+3 SInv} (You took it off a deep elf sorcerer on level 3 of the Elven Halls)
 30005 | Elf:3    | Got a steaming amber ring
 30012 | Elf:3    | Identified the ring of the Albatross {Str+1 Slay+3} (You took it off a deep elf sorcerer on level 3 of the Elven Halls)
 30728 | Spider:1 | Entered Level 1 of the Spider Nest
 30751 | Spider:1 | HP: 3/102 [redback (3)]
 30751 | Spider:1 | HP: 1/102 [redback (1)]
 30752 | Spider:1 | Succumbed to a redback's poison

Action                   |  1- 3 |  4- 6 |  7- 9 | 10-12 | 13-15 | 16-18 || total
-------------------------+-------+-------+-------+-------+-------+-------++-------
Melee: Short sword       |    92 |   198 |   332 |   671 |   452 |       ||  1745
       Cutlass           |       |       |       |     1 |   534 |  1235 ||  1770
       Scimitar          |       |       |       |       |    11 |       ||    11
       Dagger            |       |       |       |       |     1 |     1 ||     2
       Unarmed           |       |       |       |       |       |    75 ||    75
Invok: Berserk           |     3 |     2 |     3 |     2 |     4 |     8 ||    22
       Trog's Hand       |       |       |       |     3 |     4 |    11 ||    18
       Brothers in Arms  |       |       |       |     2 |     2 |    14 ||    18
 Abil: Spit Poison       |       |       |       |       |     3 |       ||     3
Evoke: Wand              |       |       |     2 |     4 |     7 |     6 ||    19
       Fan of gales      |       |       |       |       |     2 |     1 ||     3
  Use: Potion            |     3 |     4 |     2 |     2 |     5 |     1 ||    17
       Scroll            |     2 |     2 |     9 |     5 |     8 |    25 ||    51
 Stab: Sleeping          |     3 |       |    23 |    18 |    36 |    45 ||   125
       Invisible         |       |       |     3 |     2 |       |       ||     5
       Distracted        |       |       |     3 |     1 |     3 |     4 ||    11
  Eat: Chunk             |     3 |     7 |    16 |    21 |    29 |    44 ||   120
       Fruit             |       |       |       |       |     1 |       ||     1
       Beef jerky        |       |       |       |       |       |     1 ||     1
